Map: Zen LE

Players

DankTemplar

  • Race: Protoss Protoss
  • Spawn Location: 1:00

ViBE - Winner!

  • Race: Terran Terran
  • League: Platinum
  • Spawn Location: 7:00

VOD

Have the link to the VOD?

Description

Time

  • Played on: Dec. 11, 2019, 8:01 p.m.
  • Length: 15:37
Show
View Real Time Build Order
Export as new Build Order

DankTemplar Protoss 

Build Orders:  

Get SALT Encoding   

  12  0:01  Probe  
  13  0:13  Probe  
  14  0:18  Pylon  
  14  0:25  Probe  
  15  0:29  Assimilator  
  15  0:38  Probe (Chrono Boost)  
  16  0:47  Probe (Chrono Boost)  
  16  0:49  Gateway  
  17  0:52  Probe (Chrono Boost)  
  18  1:05  Probe  
  19  1:17  Probe  
  20  1:20  Gateway  
  20  1:36  Cybernetics Core  
  20  1:46  Pylon  
  20  1:58  Nexus  
  20  2:13  Stalker  
  20  2:14  Warp Gate  
  22  2:19  Zealot  
  22  2:22  Probe  
  25  2:34  Twilight Council  
  25  2:36  Probe  
  26  2:50  Zealot  
  26  2:51  Zealot  
  30  3:02  Probe  
  30  3:03  Charge (Chrono Boost)  
  31  3:16  Pylon  
  31  3:21  Forge  
  31  3:25  Probe x2  
  33  3:38  Probe x2  
  39  3:48  Protoss Ground Armor Level 1 (Chrono Boost)  
  35  3:51  Gateway  
  35  4:03  Zealot x2  
  35  4:04  Probe x2  
  41  4:18  Nexus  
  41  4:20  Probe x2, Pylon  
  43  4:32  Probe x2  
  35  4:54  Zealot  
  35  4:55  Zealot x2  
  35  4:56  Probe x2  
  43  5:08  Probe  
  43  5:10  Gateway  
  43  5:11  Probe, Gateway  
  45  5:16  Gateway  
  45  5:17  Zealot x2  
  45  5:20  Probe  
  50  5:23  Probe  
  50  5:25  Zealot  
  53  5:30  Pylon  
  53  5:32  Probe  
  53  5:35  Probe  
  55  5:38  Zealot x2  
  55  5:39  Gateway  
  59  5:43  Assimilator  
  59  5:51  Gateway  
  59  5:53  Gateway  
  59  5:55  Pylon  
  59  5:58  Probe x2  
  59  5:59  Probe  
  59  6:02  Zealot  
  64  6:04  Zealot  
  64  6:10  Probe  
  64  6:11  Probe x2  
  61  6:24  Protoss Ground Armor Level 2 (Chrono Boost), Zealot x4  
  61  6:25  Zealot x2  
  63  6:31  Assimilator  
  63  6:36  Zealot  
  65  6:43  Probe x3  
  65  6:46  Gateway  
  68  6:48  Gateway  
  68  6:55  Probe x3  
  68  6:56  Pylon  
  68  6:57  Zealot x2  
  75  7:07  Probe x2, Templar Archives  
  77  7:09  Zealot x2  
  77  7:10  Zealot  
  83  7:18  Pylon  
  83  7:19  Zealot x3  
  89  7:37  Forge  
  89  7:43  Gateway  
  57  7:58  Nexus  
  57  7:59  Zealot x5  
  57  8:00  Pylon, Zealot x4  
  57  8:01  Zealot  
  57  8:05  Protoss Ground Weapons Level 1 (Chrono Boost)  
  75  8:12  Assimilator  
  75  8:18  Zealot  
  77  8:27  Probe x2  
  77  8:28  Probe  
  77  8:31  Protoss Ground Armor Level 3 (Chrono Boost)  
  77  8:32  Zealot x7  
  94  8:39  Probe  
  94  8:40  Probe  
  96  8:49  Zealot  
  96  8:50  Zealot x3  
  86  9:16  Zealot x7  
  82  9:17  Zealot x3  
  88  9:39  High Templar  
  88  9:40  High Templar x6  
  88  9:41  Nexus  
  88  9:42  Pylon  
  88  9:43  Archon  
  88  9:44  Archon x2  
  102  9:45  High Templar  
  102  9:49  Archon  
  104  9:58  Zealot  
  104  9:59  Zealot x3  
  112  10:05  Protoss Ground Weapons Level 2 (Chrono Boost)  
  112  10:28  Zealot  
  112  10:29  Zealot x9  
  112  10:34  Pylon  
  112  10:35  Pylon  
  132  10:37  Pylon  
  128  11:08  Zealot x4  
  128  11:09  Protoss Shields Level 1 (Chrono Boost), Zealot x8  
  152  11:24  Probe x2  
  152  11:25  Probe x3  
  157  11:31  Pylon  
  157  11:32  Pylon  
  157  11:34  Pylon  
  157  11:35  Zealot x5  
  157  11:36  Zealot x2  
  171  11:46  Probe x2  
  171  11:47  Probe x3  
  108  11:57  Zealot x6  
  108  11:58  Zealot x4  
  108  11:59  Zealot x2  
  102  12:05  Protoss Ground Weapons Level 3 (Chrono Boost)  
  94  12:20  High Templar x8  
  110  12:24  Zealot x4  
  110  12:26  Archon  
  110  12:27  Archon x3  
  116  12:54  Protoss Shields Level 2 (Chrono Boost)  
  116  13:04  Zealot x6  
  116  13:05  Zealot x6  
  140  13:23  Pylon, Nexus  
  140  13:26  Stalker  
  140  13:27  Stalker x5  
  144  13:28  Stalker x3  
  144  13:31  Zealot x3  
  115  14:01  Zealot x4  
  115  14:02  Zealot x3  
  99  14:03  Zealot, Stalker x3  
  99  14:04  Stalker  
  108  14:23  Stalker x4  
  116  14:24  Stalker  
  116  14:25  Zealot, Stalker  
  116  14:26  Zealot x3  
  126  14:44  Zealot x2  
  93  14:46  Zealot x3  
  93  14:47  Zealot x6  
  93  14:48  Zealot  
  59  15:15  Zealot x2  
  59  15:16  Zealot x3  
Show
View Real Time Build Order
Export as new Build Order

ViBE Terran - Winner!

Build Orders: 2 Factory, Reaper Expand, Mech 

Get SALT Encoding   

  12  0:01  SCV  
  13  0:13  SCV  
  14  0:17  Supply Depot  
  14  0:25  SCV  
  15  0:42  Barracks  
  15  0:43  SCV  
  15  0:46  Refinery  
  16  0:55  SCV  
  17  1:10  SCV  
  18  1:23  SCV  
  19  1:35  Orbital Command  
  19  1:40  Reaper  
  20  1:48  Command Center  
  20  1:56  Supply Depot  
  20  2:06  SCV  
  21  2:19  SCV  
  22  2:23  Factory  
  22  2:31  SCV  
  22  2:33  Refinery  
  23  2:38  Barracks Tech Lab  
  23  2:43  SCV  
  24  2:55  SCV  
  25  3:02  SCV  
  26  3:07  SCV  
  27  3:13  Siege Tank  
  27  3:19  Orbital Command  
  30  3:25  Factory  
  30  3:30  SCV  
  31  3:38  Barracks Reactor  
  31  3:42  SCV  
  31  3:47  Orbital Command  
  32  3:54  SCV  
  33  4:02  Command Center  
  33  4:04  Siege Tank  
  33  4:06  SCV  
  33  4:07  Engineering Bay  
  37  4:12  Armory  
  36  4:21  SCV x2  
  36  4:22  Supply Depot  
  38  4:25  Hellion  
  40  4:33  Hellion  
  42  4:44  Siege Tank  
  44  4:48  SCV x2  
  44  4:52  Supply Depot  
  43  4:53  Supply Depot  
  43  5:00  SCV  
  43  5:01  SCV  
  43  5:05  Supply Depot  
  45  5:12  Terran Vehicle Weapons Level 1  
  45  5:14  Hellion x2, Orbital Command  
  49  5:19  SCV x2  
  54  5:30  Thor  
  54  5:34  Supply Depot  
  54  5:35  Hellion x2  
  61  5:36  SCV  
  61  5:37  SCV  
  63  5:42  Supply Depot  
  63  5:46  SCV  
  63  5:49  SCV x2  
  70  5:57  Hellion x2  
  70  6:03  SCV x2  
  72  6:05  Refinery x2  
  72  6:06  SCV  
  73  6:15  SCV x2  
  71  6:18  SCV  
  71  6:25  Armory  
  70  6:27  SCV x2  
  70  6:30  Factory  
  70  6:31  Factory  
  72  6:35  Orbital Command  
  72  6:39  SCV x2  
  74  6:45  Command Center  
  74  6:47  Supply Depot  
  74  6:49  Thor  
  74  6:51  SCV x2  
  82  7:03  SCV  
  83  7:10  SCV x2  
  83  7:12  Hellion  
  83  7:13  Hellion  
  83  7:15  SCV  
  90  7:16  Factory Reactor x2  
  90  7:20  Terran Vehicle Weapons Level 2  
  90  7:24  Terran Vehicle And Ship Armor Level 1  
  90  7:31  SCV  
  90  7:32  SCV x2  
  93  7:43  SCV  
  93  7:44  SCV x2  
  96  7:49  Thor  
  96  7:50  Hellbat x2  
  100  7:53  Infernal Pre-Igniter  
  100  7:55  SCV  
  100  7:56  SCV x2  
  91  8:01  Hellbat x4  
  97  8:08  SCV x3  
  97  8:11  Hellbat, Hellion  
  104  8:14  Supply Depot  
  104  8:17  Supply Depot  
  104  8:25  Refinery  
  104  8:26  Refinery  
  104  8:29  Hellbat x2  
  104  8:30  Hellbat x2  
  104  8:32  Thor  
  118  8:42  Supply Depot  
  118  8:44  Hellbat x2  
  122  8:50  Factory x2  
  122  8:51  Factory  
  122  8:54  SCV  
  122  8:55  SCV x2  
  125  9:00  Command Center  
  125  9:12  Smart Servos  
  125  9:16  Hellbat, Hellion  
  125  9:17  Thor, Hellbat x3, Hellion  
  135  9:22  Supply Depot  
  143  9:25  Terran Vehicle And Ship Armor Level 2  
  143  9:29  SCV x3  
  146  9:35  Supply Depot x2  
  146  9:39  Supply Depot, Factory Tech Lab x2  
  146  9:40  Factory Tech Lab  
  146  9:41  SCV  
  147  9:54  Terran Vehicle Weapons Level 3  
  147  9:57  Thor  
  153  10:00  Planetary Fortress  
  153  10:06  SCV x3  
  156  10:12  Supply Depot  
  156  10:14  Hellion x2  
  156  10:18  SCV x3, Refinery  
  156  10:19  Refinery  
  159  10:23  Neosteel Armor  
  159  10:29  Thor  
  165  10:35  Supply Depot  
  165  10:43  Thor  
  165  10:44  Thor  
  165  10:46  SCV x3  
  180  10:52  Missile Turret  
  180  10:53  Missile Turret  
  180  10:56  Missile Turret  
  180  11:04  SCV x3  
  177  11:13  Command Center  
  177  11:14  Thor  
  177  11:16  SCV x3  
  186  11:27  Command Center  
  186  11:28  SCV x2  
  188  11:38  Thor x2  
  200  11:44  Hellion x2  
  196  11:53  Thor  
  182  11:55  Hellbat x4  
  182  11:56  Hellbat  
  182  11:59  Hellbat  
  176  12:03  Hi-Sec Auto Tracking  
  176  12:12  Thor  
  182  12:21  Factory  
  182  12:23  Hellbat x3  
  182  12:24  Factory  
  182  12:27  Planetary Fortress  
  188  12:30  Planetary Fortress  
  188  12:45  Hellbat  
  188  12:46  Hellbat x3  
  188  12:47  Hellbat x2  
  198  12:51  Command Center  
  198  13:26  Hellbat  
  200  13:28  Factory Reactor, Factory Tech Lab  
  200  13:36  Factory  
  200  13:38  Refinery x2  
  200  13:39  Factory  
  200  13:40  Factory  
  200  13:41  Factory  
  200  13:42  Factory  
  200  13:48  Factory  
  200  13:55  Thor x2  
  196  13:57  Hellbat x2  
  196  13:58  Thor, Hellbat x2  
  200  14:05  Planetary Fortress  
  200  14:10  Command Center  
  200  14:34  Missile Turret  
  200  14:36  Factory Reactor  
  200  14:37  Factory Reactor x2  
  200  14:38  Factory Tech Lab x3  
  200  14:42  Hellbat x2  
  188  14:47  Refinery  
  188  14:48  Refinery  
  188  14:49  Sensor Tower  
  186  14:57  Sensor Tower  
  186  14:58  Sensor Tower  
  178  15:01  Hellbat x2  
Tags
 
Add a new tag
Caveats
  • Supply blocks, unpowered buildings, or Contaminate may cause inaccurate times.
  • Supply counts are checked every 10 seconds.